 Dungeon Crawl Stone Soup version 0.25-a0-835-gb37b1c2 (webtiles) character file.

Game seed: 12464449155602584574, levelgen mode: deterministic

248 MrTaco21 the Cudgeler (level 6, 0/37 HPs)
             Began as a Gargoyle Fighter on Apr 23, 2020.
             Was an Initiate of Qazlal.
             Slain by a worker ant (1 damage)
             ... on level 4 of the Dungeon.
             The game lasted 00:03:00 (2311 turns).

MrTaco21 the Cudgeler (Gargoyle Fighter)            Turns: 2311, Time: 00:03:00

Health: 0/37       AC: 12    Str: 21    XL:     6   Next: 12%
Magic:  6/6        EV:  7    Int:  9    God:    Qazlal [......]
Gold:   127        SH:  0    Dex:  9    Spells: 5/5 levels left

rFire    . . .     SeeInvis .   a - +0 flail
rCold    . . .     Gourm    .   c - +0 kite shield
rNeg     + . .     Faith    .   b - +0 scale mail
rPois    ∞         Spirit   .   k - +0 helmet
rElec    +         Reflect  .   (no cloak)
rCorr    .         Harm     .   (no gloves)
MR       .....                  (no boots)
Stlth    ..........             (no amulet)
HPRegen  0.12/turn              (no ring)
MPRegen  0.10/turn              (no ring)

@: confused
A: negative energy resistance 1, electricity resistance, unbreathing,
petrification resistance, rot immunity, AC +4
a: Renounce Religion


You were on level 4 of the Dungeon.
You worshipped Qazlal.
Qazlal was noncommittal.
You were hungry.

You visited 1 branch of the dungeon, and saw 4 of its levels.

You collected 127 gold pieces.

Inventory:

Hand Weapons
 a - a +0 flail (weapon)
Missiles
 i - 32 poisoned darts (quivered)
Armour
 b - a +0 scale mail (worn)
 c - a +0 kite shield (worn)
 k - a +0 helmet (worn)
   (You found it on level 1 of the Dungeon)
Scrolls
 f - 4 scrolls of identify {unknown}
 j - a scroll of blinking {unknown}
 n - a scroll of remove curse {unknown}
 o - a scroll of amnesia {unknown}
 p - a scroll of teleportation {unknown}
Potions
 d - 2 potions of might
 g - 3 potions of curing {unknown}
 h - a potion of cancellation {unknown}
 l - a potion of flight {unknown}
 m - 2 potions of haste {unknown}
 q - 3 potions of heal wounds {unknown}
Comestibles
 e - 6 rations {!d}


   Skills:
 - Level 3.2 Fighting
 + Level 6.2 Maces & Flails
 - Level 3.2 Armour
 - Level 3.2 Shields


You had 5 spell levels left.
You didn't know any spells.
Your spell library was empty.

Dungeon Overview and Level Annotations

Branches:
Dungeon (4/15)
 Temple: D:4-7

Altars:
Ashenzari
Dithmenos
Fedhas
Makhleb
Qazlal
Wu Jian
Yredelemnul


Innate Abilities, Weirdness & Mutations

You are resistant to torment.
Your stone body is resilient. (AC +4)
You are immune to poison.
You resist negative energy. (rN+)
You are resistant to electric shocks. (rElec)
You can survive without breathing.
You are immune to petrification.
You are immune to rotting.


Message History

You closely miss something. You block the worker ant's attack.
The adder barely misses you. Something hits you but does no damage.
The adder bites you but does no damage. The worker ant closely misses you.
The orc closely misses you. The adder bites you but does no damage.
Something hits you but does no damage.
You miss the adder. The adder bites you.
* * * LOW HITPOINT WARNING * * *
The worker ant bites you but does no damage.
The adder bites you.
* * * LOW HITPOINT WARNING * * *
The adder barely misses you. Something hits you but does no damage.
The orc hits you but does no damage.
Unknown command.
You closely miss the adder. The adder bites you.
* * * LOW HITPOINT WARNING * * *
You block the worker ant's attack. You block the adder's attack.
Something hits you but does no damage.
The orc hits you with a +0 falchion of holy wrath.
* * * LOW HITPOINT WARNING * * *
The adder bites you.
* * * LOW HITPOINT WARNING * * *
The worker ant bites you.
* * * LOW HITPOINT WARNING * * *
Your shield prevents you from hitting the adder.
The adder bites you but does no damage.
The worker ant bites you but does no damage.
The adder completely misses you. Something hits you but does no damage.
You block the adder's attack. You block the orc's attack.
Unknown command.
You closely miss the adder. You block the adder's attack.
The worker ant bites you but does no damage.
The adder bites you but does no damage. Something hits you but does no damage.
The orc hits you but does no damage. The adder barely misses you.
The worker ant barely misses you. The adder bites you but does no damage.
You are feeling hungry.
You miss the adder. Something hits you.
* * * LOW HITPOINT WARNING * * *
The adder barely misses you. You block the adder's attack.
The orc hits you but does no damage. The worker ant closely misses you.
You hear some strange, mumbled words.
You are confused.
You hit the worker ant but do no damage.
The adder completely misses you. The adder bites you but does no damage.
The worker ant bites you.
You die...

...#......###+#......#
...#......#...#......#
...#......#...'......#
...#......+...#......+
####......#####......###
....####### ##........
....# #........ ....#
#Sa...... ....#
#@{Z..... <...#
#So...... ....#
#o....... ....#
#[....... ....#
#........ ....#
......... #####
......... .........


You could see a worker ant, 2 adders, 2 orcs and a howler monkey skeleton.

Vanquished Creatures
  A phantom (D:4)
  A centaur zombie (D:2)
  An orc priest (D:4)
  A worker ant (D:4)
  2 adders
  An ooze (D:3)
  A worm (D:3)
  2 dart slugs (D:1)
  3 leopard geckos
  5 orcs (D:3)
  2 giant cockroaches
  2 goblins (D:1)
  2 hobgoblins
  A ball python (D:2)
  6 bats
  A frilled lizard (D:2)
  2 kobolds
  9 rats
43 creatures vanquished.

Vanquished Creatures (others)
  A fungus (D:3)
1 creature vanquished.

Grand Total: 44 creatures vanquished

Notes
Turn   | Place    | Note
-------+----------+-------------------------------------------
     0 | D:1      | MrTaco21 the Gargoyle Fighter began the quest for the Orb.
     0 | D:1      | Reached XP level 1. HP: 14/14 MP: 1/1
   188 | D:1      | Reached XP level 2. HP: 17/19 MP: 2/2
   331 | D:1      | Reached skill level 3 in Maces & Flails
   738 | D:2      | Found a shadowy altar of Dithmenos.
   759 | D:2      | Found a shattered altar of Ashenzari.
   796 | D:2      | Reached skill level 4 in Maces & Flails
   796 | D:2      | Reached XP level 3. HP: 4/23 MP: 3/3
  1045 | D:2      | Reached XP level 4. HP: 27/28 MP: 4/4
  1347 | D:3      | Found a stormy altar of Qazlal.
  1356 | D:3      | Found a blossoming altar of Fedhas.
  1367 | D:3      | Became a worshipper of Qazlal Stormbringer
  1813 | D:3      | Found an ornate altar of the Wu Jian Council.
  1971 | D:3      | Found a burning altar of Makhleb.
  2034 | D:3      | Found a basalt altar of Yredelemnul.
  2092 | D:4      | Noticed a phantom
  2115 | D:4      | Killed a phantom
  2115 | D:4      | Reached skill level 5 in Maces & Flails
  2115 | D:4      | Reached XP level 5. HP: 31/32 MP: 5/5
  2165 | D:4      | Reached skill level 6 in Maces & Flails
  2298 | D:4      | Reached XP level 6. HP: 18/37 MP: 6/6
  2310 | D:4      | HP: 1/37 [something (1)]
  2311 | D:4      | Slain by a worker ant

Levels and vault maps discovered:
D:1:      ebering_trefoil_3fold, layout_loops_ring, minmay_pentomino_w2
D:2:      layout_rooms, grunt_dithmenos_smoke_and_mirrors, ashenzari_altar_1,
          hangedman_decor_riveting
D:3:      layout_rooms, grunt_temple_overflow_forces_of_nature,
          lemuel_doored_altar, overflow_temple_1_default,
          lemuel_coloured_pillars_altar, first_ration
D:4:      layout_gridville, kiku_gazebo_pond_becter, minmay_crystal_room

Skill      XL: |  1  2  3  4  5 |
---------------+----------------+-----
Maces & Flails | 4 5 6 |  6.2
Fighting       | |  3.2
Armour         | |  3.2
Shields        | |  3.2

Action                   |  1- 3 |  4- 6 || total
-------------------------+-------+-------++-------
Melee: Flail             |    90 |   132 ||   222
  Eat: Chunk             |     1 |       ||     1
       Ration            |       |     1 ||     1
Armor: Scale mail        |    69 |   138 ||   207
Dodge: Dodged            |    40 |    72 ||   112
Block: Kite shield       |    51 |    84 ||   135

Table legend:
 A = Non-vault XP
 B = Vault XP
 C = Vault XP percentage of total XP
 D = Non-vault monster count
 E = Vault monster count
 F = Vault count percentage of total count
                 A         B        C        D         E       F
            +---------+---------+-------+---------+---------+-------
      Total |     351 |       4 |   1.1 |      41 |       2 |   4.7
            +---------+---------+-------+---------+---------+-------
        D:1 |      19 |       4 |  17.4 |       9 |       2 |  18.2
        D:2 |      74 |       0 |   0.0 |      14 |       0 |   0.0
        D:3 |      52 |       0 |   0.0 |      15 |       0 |   0.0
        D:4 |     206 |       0 |   0.0 |       3 |       0 |   0.0
            +---------+---------+-------+---------+---------+-------
